TOP OF THE 1ST |
Pittsburgh Kingfishers batting - Pitching for Boston Patriots : RHP Martin Luther
|
Pitching: RHP Martin Luther
|
|
Batting: RHB Alohinani Puanani
|
0-0: Called Strike 0-1: Called Strike 0-2: Strikes out swinging
|
Batting: LHB Gustavo Gonzáles
|
0-0: Ball 1-0: Reached on error, E4 (Groundball, 4, EV 105.0 MPH)
|
Batting: LHB Martín Flores
|
0-0: Ball 1-0: Called Strike 1-1: Foul Ball, location: 2F 1-2: Strikes out swinging
|
Batting: RHB Luis Pamparacuatro
|
0-0: Swinging Strike 0-1: Ball Gustavo Gonzáles steals 2nd base 1-1: Ground out 6-3 (Groundball, 56D, EV 105.6 MPH)
|
Top of the 1st over - 0 runs, 0 hits, 1 error, 1 left on base; Pittsburgh 0 - Boston 0 |
BOTTOM OF THE 1ST |
Boston Patriots batting - Pitching for Pittsburgh Kingfishers : LHP Wes Johnston
|
Pitching: LHP Wes Johnston
|
|
Batting: LHB Juan Andrés Martí
|
0-0: Foul Ball, location: 2F 0-1: Foul Ball, location: 2F 0-2: Foul Ball, location: 2F 0-2: Foul Ball, location: 2F 0-2: Ball 1-2: Ground out U3 (Groundball, 34, EV 76.9 MPH)
|
Batting: RHB Juan Lugo
|
0-0: Called Strike 0-1: Fly out, F7 (Line Drive, 78S, EV 95.6 MPH)
|
Batting: RHB Carlos Rivera
|
0-0: DOUBLE (Flyball, 78XD, EV 96.9 MPH)
|
Batting: RHB Matsuo Ino
|
0-0: Ball 1-0: Called Strike 1-1: SINGLE (Groundball, 56D, EV 94.4 MPH) Carlos Rivera to third Runner from 3rd tries for Home, SAFE, throw by LF to home
|
Batting: RHB Damon Bansfield
|
0-0: Foul Ball, location: 2F 0-1: Ball 1-1: Swinging Strike 1-2: Ball 2-2: Ball 3-2: Foul Ball, location: 2F 3-2: Foul Ball, location: 2F 3-2: Strikes out swinging
|
Bottom of the 1st over - 1 run, 2 hits, 0 errors, 1 left on base; Pittsburgh 0 - Boston 1 |
TOP OF THE 2ND |
Pittsburgh Kingfishers batting - Pitching for Boston Patriots : RHP Martin Luther
|
Batting: LHB Sébastien Guillaume
|
0-0: Called Strike 0-1: Ball 1-1: Swinging Strike 1-2: Ball 2-2: Strikes out looking
|
Batting: RHB Shuan-yan Bu
|
0-0: Swinging Strike 0-1: Ground out 5-3 (Groundball, 56S, EV 72.5 MPH)
|
Batting: SHB Stanley Good
|
0-0: Ball 1-0: Foul Ball, location: 2F 1-1: Foul Ball, location: 2F 1-2: Ball 2-2: Ball 3-2: Strikes out swinging
|
Top of the 2nd over - 0 runs, 0 hits, 0 errors, 0 left on base; Pittsburgh 0 - Boston 1 |
BOTTOM OF THE 2ND |
Boston Patriots batting - Pitching for Pittsburgh Kingfishers : LHP Wes Johnston
|
Batting: LHB Addy Spoelstra
|
0-0: Called Strike 0-1: Foul Ball, location: 2F 0-2: Ball 1-2: Ball 2-2: Fly out, F8 (Flyball, 8LD, EV 95.6 MPH)
|
Batting: LHB Alex Williamson
|
0-0: Ball 1-0: Ball 2-0: Called Strike 2-1: Ball 3-1: Ground out 4-3 (Groundball, 4, EV 83.8 MPH)
|
Batting: LHB Trent Conner
|
0-0: Called Strike 0-1: Ball 1-1: Ball 2-1: Fly out, F7 (Flyball, 78S, EV 85.6 MPH)
|
Bottom of the 2nd over - 0 runs, 0 hits, 0 errors, 0 left on base; Pittsburgh 0 - Boston 1 |
TOP OF THE 3RD |
Pittsburgh Kingfishers batting - Pitching for Boston Patriots : RHP Martin Luther
|
Batting: RHB Ignacio Páez
|
0-0: Ball 1-0: Called Strike 1-1: Ball 2-1: Foul Ball, location: 2F 2-2: Ground out 5-3 (Groundball, 56, EV 87.5 MPH)
|
Batting: RHB Bastien Oudin
|
0-0: Called Strike 0-1: Ball 1-1: Swinging Strike 1-2: Ball 2-2: Foul Ball, location: 2F 2-2: Strikes out looking
|
Batting: RHB Alohinani Puanani
|
0-0: Called Strike 0-1: Called Strike 0-2: Ball 1-2: Ball 2-2: Strikes out looking
|
Top of the 3rd over - 0 runs, 0 hits, 0 errors, 0 left on base; Pittsburgh 0 - Boston 1 |
BOTTOM OF THE 3RD |
Boston Patriots batting - Pitching for Pittsburgh Kingfishers : LHP Wes Johnston
|
Batting: LHB Salvador Ortega
|
0-0: Ball 1-0: Ground out 6-3 (Groundball, 4MD, EV 84.4 MPH)
|
Batting: LHB Juan Andrés Martí
|
0-0: Called Strike 0-1: Ball 1-1: Ball 2-1: Fly out, F6 (Line Drive, 6M, EV 65.0 MPH)
|
Batting: RHB Juan Lugo
|
0-0: Ball 1-0: Ball 2-0: SOLO HOME RUN (Flyball, 7D, EV 102.5 MPH), Distance : 371 ft
|
Batting: RHB Carlos Rivera
|
0-0: SINGLE (Groundball, 56S, EV 65.6 MPH) (infield hit)
|
Batting: RHB Matsuo Ino
|
0-0: Ball 1-0: Ball 2-0: Fly out, F8 (Flyball, 78S, EV 94.4 MPH)
|
Bottom of the 3rd over - 1 run, 2 hits, 0 errors, 1 left on base; Pittsburgh 0 - Boston 2 |
TOP OF THE 4TH |
Pittsburgh Kingfishers batting - Pitching for Boston Patriots : RHP Martin Luther
|
Batting: LHB Gustavo Gonzáles
|
0-0: Ball 1-0: Ball 2-0: Called Strike 2-1: Ball 3-1: DOUBLE (Line Drive, 7LM, EV 99.4 MPH)
|
Batting: LHB Martín Flores
|
0-0: Ball 1-0: Foul Ball, location: 2F 1-1: Swinging Strike 1-2: Ball 2-2: 2-RUN HOME RUN (Flyball, 9LD, EV 100.0 MPH), Distance : 352 ft
|
Batting: RHB Luis Pamparacuatro
|
0-0: Ground out 4-3 (Groundball, 4, EV 90.6 MPH)
|
Batting: LHB Sébastien Guillaume
|
0-0: Ball 1-0: Ball 2-0: Swinging Strike 2-1: Swinging Strike 2-2: Ball 3-2: SINGLE (Line Drive, 34D, EV 95.6 MPH)
|
Batting: RHB Shuan-yan Bu
|
0-0: Called Strike 0-1: Foul Ball, location: 2F 0-2: Ball 1-2: Foul Ball, location: 2F 1-2: Fly out, F9 (Flyball, 9S, EV 95.6 MPH)
|
Batting: SHB Stanley Good
|
0-0: Ball 1-0: Foul Ball, location: 2F 1-1: Swinging Strike 1-2: Fly out, F8 (Flyball, 8RD, EV 83.8 MPH)
|
Top of the 4th over - 2 runs, 3 hits, 0 errors, 1 left on base; Pittsburgh 2 - Boston 2 |
BOTTOM OF THE 4TH |
Boston Patriots batting - Pitching for Pittsburgh Kingfishers : LHP Wes Johnston
|
Batting: RHB Damon Bansfield
|
0-0: Called Strike 0-1: Ground out 6-3 (Groundball, 6, EV 83.1 MPH)
|
Batting: LHB Addy Spoelstra
|
0-0: Called Strike 0-1: Ball 1-1: Ball 2-1: Called Strike 2-2: Foul Ball, location: 2F 2-2: Ground out 4-3 (Groundball, 4, EV 83.8 MPH)
|
Batting: LHB Alex Williamson
|
0-0: Ground out U3 (Groundball, 13, EV 86.9 MPH)
|
Bottom of the 4th over - 0 runs, 0 hits, 0 errors, 0 left on base; Pittsburgh 2 - Boston 2 |
TOP OF THE 5TH |
Pittsburgh Kingfishers batting - Pitching for Boston Patriots : RHP Martin Luther
|
Batting: RHB Ignacio Páez
|
0-0: Fly out, F9 (Flyball, 9LS, EV 91.2 MPH)
|
Batting: RHB Bastien Oudin
|
0-0: Called Strike 0-1: Ball 1-1: Swinging Strike 1-2: Ball 2-2: Strikes out swinging
|
Batting: RHB Alohinani Puanani
|
0-0: Called Strike 0-1: Ball 1-1: Ground out 2-3 (Groundball, 15S, EV 62.5 MPH)
|
Top of the 5th over - 0 runs, 0 hits, 0 errors, 0 left on base; Pittsburgh 2 - Boston 2 |
BOTTOM OF THE 5TH |
Boston Patriots batting - Pitching for Pittsburgh Kingfishers : LHP Wes Johnston
|
Batting: LHB Trent Conner
|
0-0: Called Strike 0-1: Called Strike 0-2: Ground out 4-3 (Groundball, 4, EV 110.0 MPH)
|
Batting: LHB Salvador Ortega
|
0-0: Fly out, F8 (Flyball, 8RD, EV 105.0 MPH)
|
Batting: LHB Juan Andrés Martí
|
0-0: Called Strike 0-1: Ball 1-1: Ball 2-1: Swinging Strike 2-2: Ball 3-2: Foul Ball, location: 2F 3-2: Foul Ball, location: 2F 3-2: DOUBLE (Line Drive, 89XD, EV 108.8 MPH)
|
Batting: RHB Juan Lugo
|
0-0: Hit by Pitch
|
Batting: RHB Carlos Rivera
|
0-0: Swinging Strike 0-1: Swinging Strike 0-2: Strikes out swinging
|
Bottom of the 5th over - 0 runs, 1 hit, 0 errors, 2 left on base; Pittsburgh 2 - Boston 2 |
TOP OF THE 6TH |
Pittsburgh Kingfishers batting - Pitching for Boston Patriots : RHP Martin Luther
|
Batting: LHB Gustavo Gonzáles
|
0-0: Called Strike 0-1: Ball 1-1: Reached on error, E6 (Groundball, 6, EV 86.2 MPH)
|
Batting: LHB Martín Flores
|
0-0: Fly out, F6 (Popup, 6MS, EV 80.6 MPH)
|
Batting: RHB Luis Pamparacuatro
|
0-0: Grounds into double play, 6-4-3 (Groundball, 6, EV 78.1 MPH)
|
Top of the 6th over - 0 runs, 0 hits, 1 error, 0 left on base; Pittsburgh 2 - Boston 2 |
BOTTOM OF THE 6TH |
Boston Patriots batting - Pitching for Pittsburgh Kingfishers : LHP Wes Johnston
|
Batting: RHB Matsuo Ino
|
0-0: Ball 1-0: Called Strike 1-1: Foul Ball, location: 2F 1-2: Ball 2-2: Ball 3-2: Foul Ball, location: 2F 3-2: Foul Ball, location: 2F 3-2: Ground out 5-3 (Groundball, 56S, EV 80.0 MPH)
|
Batting: RHB Damon Bansfield
|
0-0: Called Strike 0-1: Ball 1-1: Ball 2-1: Ball 3-1: Swinging Strike 3-2: Strikes out swinging
|
Batting: LHB Addy Spoelstra
|
0-0: Swinging Strike 0-1: Ball 1-1: Ball 2-1: Ball 3-1: Called Strike 3-2: Fly out, F9 (Flyball, 9D, EV 92.5 MPH)
|
Bottom of the 6th over - 0 runs, 0 hits, 0 errors, 0 left on base; Pittsburgh 2 - Boston 2 |
TOP OF THE 7TH |
Pittsburgh Kingfishers batting - Pitching for Boston Patriots : RHP Martin Luther
|
Pitching: RHP Victor Jones
|
|
Batting: LHB Sébastien Guillaume
|
0-0: Ball 1-0: SINGLE (Groundball, P, EV 76.9 MPH) (infield hit)
|
Pinch Hitting: LHB Kyung-chul Son
|
0-0: Bunt missed! 0-1: Bunt missed! 0-2: Strikes out swinging
|
Batting: SHB Stanley Good
|
0-0: Called Strike 0-1: Swinging Strike 0-2: Ball 1-2: Ball 2-2: Ball 3-2: Base on Balls Sébastien Guillaume to second
|
Batting: RHB Ignacio Páez
|
0-0: Ball 1-0: Called Strike 1-1: Foul Ball, location: 2F 1-2: Ball 2-2: Strikes out swinging
|
Pinch Hitting: LHB Wing-kit Ou-yang
|
0-0: Called Strike 0-1: Fielders Choice at 2nd, 6-4 (Groundball, 6, EV 106.9 MPH)
|
Top of the 7th over - 0 runs, 1 hit, 0 errors, 2 left on base; Pittsburgh 2 - Boston 2 |
BOTTOM OF THE 7TH |
Boston Patriots batting - Pitching for Pittsburgh Kingfishers : LHP Wes Johnston
|
Pitching: LHP Curt Howard
|
|
Now at SS: Kyung-chul Son
|
|
Now in LF: Alohinani Puanani
|
|
Now in CF: Wing-kit Ou-yang
|
|
Batting: LHB Alex Williamson
|
0-0: Ball 1-0: Ball 2-0: Ball 3-0: Base on Balls
|
Batting: LHB Trent Conner
|
0-0: Fly out, F8 (Flyball, 8RXD, EV 99.4 MPH)
|
Batting: LHB Salvador Ortega
|
0-0: Foul Ball, location: 2F 0-1: Swinging Strike 0-2: Ball 1-2: Strikes out looking
|
Batting: LHB Juan Andrés Martí
|
0-0: Ball 1-0: Fielders Choice at 2nd, 6-4 (Groundball, 4M, EV 87.5 MPH)
|
Bottom of the 7th over - 0 runs, 0 hits, 0 errors, 1 left on base; Pittsburgh 2 - Boston 2 |
TOP OF THE 8TH |
Pittsburgh Kingfishers batting - Pitching for Boston Patriots : RHP Victor Jones
|
Batting: RHB Alohinani Puanani
|
0-0: Ball 1-0: Ball 2-0: SINGLE (Groundball, 25, EV 65.0 MPH) (infield hit)
|
Batting: LHB Gustavo Gonzáles
|
0-0: Called Strike Alohinani Puanani steals 2nd base 0-1: Ball 1-1: DOUBLE (Flyball, 8LXD, EV 94.4 MPH) Alohinani Puanani scores
|
Batting: LHB Martín Flores
|
0-0: Swinging Strike 0-1: Swinging Strike 0-2: Foul Ball, location: 2F 0-2: Strikes out looking
|
Batting: RHB Luis Pamparacuatro
|
0-0: Called Strike 0-1: Called Strike Gustavo Gonzáles steals 3rd base 0-2: Ball 1-2: Foul Ball, location: 2F 1-2: Foul Ball, location: 2F 1-2: Strikes out swinging
|
Batting: LHB Sébastien Guillaume
|
0-0: Foul Ball, location: 2F 0-1: Foul Ball, location: 2F 0-2: Strikes out swinging
|
Top of the 8th over - 1 run, 2 hits, 0 errors, 1 left on base; Pittsburgh 3 - Boston 2 |
BOTTOM OF THE 8TH |
Boston Patriots batting - Pitching for Pittsburgh Kingfishers : LHP Curt Howard
|
Batting: RHB Juan Lugo
|
0-0: Ball 1-0: Called Strike 1-1: Called Strike 1-2: Strikes out swinging
|
Batting: RHB Carlos Rivera
|
0-0: Called Strike 0-1: Ball 1-1: Foul Ball, location: 2F 1-2: Strikes out looking
|
Batting: RHB Matsuo Ino
|
0-0: Called Strike 0-1: Called Strike 0-2: Ball 1-2: Ball 2-2: Fly out, F7 (Flyball, 78M, EV 87.5 MPH)
|
Bottom of the 8th over - 0 runs, 0 hits, 0 errors, 0 left on base; Pittsburgh 3 - Boston 2 |
TOP OF THE 9TH |
Pittsburgh Kingfishers batting - Pitching for Boston Patriots : RHP Victor Jones
|
Batting: LHB Kyung-chul Son
|
0-0: Ball 1-0: Called Strike 1-1: Fly out, F9 (Flyball, 9S, EV 76.2 MPH)
|
Batting: SHB Stanley Good
|
0-0: Swinging Strike 0-1: Ball 1-1: Swinging Strike 1-2: Strikes out swinging
|
Batting: RHB Ignacio Páez
|
0-0: Called Strike 0-1: Ball 1-1: Called Strike 1-2: Ball 2-2: Ball 3-2: Base on Balls
|
Pitching: LHP Adrián Gómez
|
|
Batting: LHB Wing-kit Ou-yang
|
0-0: DOUBLE (Groundball, 3L, EV 104.4 MPH) Ignacio Páez to third
|
Batting: RHB Alohinani Puanani
|
0-0: Foul Ball, location: 2F 0-1: Foul Ball, location: 2F 0-2: Strikes out swinging
|
Top of the 9th over - 0 runs, 1 hit, 0 errors, 2 left on base; Pittsburgh 3 - Boston 2 |
BOTTOM OF THE 9TH |
Boston Patriots batting - Pitching for Pittsburgh Kingfishers : LHP Curt Howard
|
Pitching: RHP Elton Ray
|
|
Batting: RHB Damon Bansfield
|
0-0: Ball 1-0: Ball 2-0: Ball 3-0: Foul Ball, location: 2F 3-1: SINGLE (Line Drive, 9S, EV 103.8 MPH)
|
Batting: LHB Addy Spoelstra
|
0-0: Called Strike 0-1: Ball 1-1: Ball 2-1: Swinging Strike 2-2: Strikes out swinging
|
Batting: LHB Alex Williamson
|
Pickoff Throw to First - Out! 1-3 CS 0-0: Called Strike 0-1: Ball 1-1: Called Strike 1-2: Foul Ball, location: 2F 1-2: Ball 2-2: Ball 3-2: Strikes out swinging
|
Bottom of the 9th over - 0 runs, 1 hit, 0 errors, 0 left on base; Pittsburgh 3 - Boston 2 |
|